 Dungeon Crawl Stone Soup version 0.28-a0-10-g964c8b829e (webtiles) character file.

Game seed: 5070461733877937573

772 willcat the Ruffian (level 7, -4/67 HPs)
             Began as a Troll Delver on July 26, 2021.
             Blown up by a centaur (9 damage)
             ... with a mindburst bolt
             ... on level 7 of the Dungeon.
             The game lasted 00:01:50 (360 turns).

willcat the Ruffian (Troll Delver)                   Turns: 360, Time: 00:01:50

Health: -4/67      AC:  4    Str: 23    XL:     7   Next: 53%
Magic:  6/6        EV: 10    Int:  6    God:
Gold:   49         SH:  0    Dex: 11    Spells: 6/6 levels left

rFire   . . .      SeeInvis .     - Unarmed
rCold   . . .      Faith    .   (no shield)
rNeg    . . .      Spirit   .   a - +0 robe
rPois   .          Reflect  .   (helmet restricted)
rElec   .          Harm     .   (no cloak)
rCorr   .          Rampage  .   (gloves unavailable)
Will    .....                   (boots unavailable)
Stlth   ++........              (no amulet)
HPRegen 1.21/turn               (no ring)
MPRegen 0.10/turn               (no ring)

@: slowed, very slow
A: large, unfitting armour, claws 3, regeneration 1, shaggy fur 1, tough skin 1
a: no special abilities


You were on level 7 of the Dungeon.
You visited 1 branch of the dungeon, and saw 2 of its levels.

You collected 49 gold pieces.

Inventory:

Armour
 a - a +0 robe (worn)
Wands
 f - a wand of digging (3)
Scrolls
 b - 2 scrolls of fog
 c - a scroll of magic mapping
 d - a scroll of fear


   Skills:
 + Level 3.6 Fighting
 + Level 3.2 Dodging
 + Level 4.2 Stealth
 + Level 5.1 Unarmed Combat


You had 6 spell levels left.
You didn't know any spells.
Your spell library contained the following spells:

 Spells                   Type           Power      Damage    Failure   Level
 Airstrike                Air            0%         N/A       99%         4
 Summon Lightning Spire   Summ/Air       0%         N/A       99%         4
 Lightning Bolt           Conj/Air       0%         1d11      100%        5


Dungeon Overview and Level Annotations

Branches:
Dungeon (5/15)
 Temple: D:4-7

Altars:


Innate Abilities, Weirdness & Mutations

You are too large for most types of armour.
You have claws for hands.
Your natural rate of healing is unusually fast.
You are covered in fur. (AC +1)
You have tough skin. (AC +1)


Message History

The wraith is heavily damaged.
The wraith hits you. x2; The wraith drains your vigour!
You feel as though you will be slow longer.
Unknown command.
You claw the wraith!
The wraith is almost destroyed.
The wraith hits you but does no damage.
Unknown command.
You scratch the wraith.
The wraith is almost destroyed.
The wraith barely misses you.
Unknown command.
You scratch the wraith.
You destroy the wraith!
The centaur wields a +0 shortbow.
The centaur shoots an arrow.
The arrow hits you!
The centaur zaps a wand.
You struggle to resist.
Your Unarmed Combat skill increases to level 5!
Unknown command.
The centaur zaps a wand.
You struggle to resist.
A skeletal warrior comes into view. It is wielding a +0 short sword.
The centaur unwields a +0 shortbow.
The centaur barely misses you.
The centaur kicks you but does no damage.
You barely miss the centaur. The centaur hits you.
The centaur barely misses you. The centaur closely misses you.
The centaur kicks you but does no damage.
Unknown command.
You claw the centaur!
The centaur is heavily wounded.
The centaur hits you.
The centaur kicks you but does no damage.
The centaur hits you. The centaur kicks you.
The skeletal warrior hits you with a +0 short sword!!
* * * LOW HITPOINT WARNING * * *
The centaur wields a +0 shortbow.
The centaur shoots an arrow.
The arrow barely misses you.
The skeletal warrior hits you with a +0 short sword!
* * * LOW HITPOINT WARNING * * *
The centaur shoots an arrow.
The arrow misses you.
The centaur zaps a wand.
Your mind is blasted!
You die...

#.. #.# ##.. #.#
... #.# ###..##
#.# .....# ##.#
######...# #..#
....! #.## #.##
.####..##.c###.#
..........z.@#.#
.#####.#####...#
#. #...# .#
#.#.# .# #...#
.# #..## .# #..#
## #..# #..


You could see a skeletal warrior and a centaur.

Vanquished Creatures
  2 wraiths (D:7)
  A phantom (D:5)
  A kobold brigand (D:7)
  A water moccasin zombie (D:5)
  3 wights (D:7)
  A bullfrog skeleton (D:5)
  3 hounds (D:5)
  A hound skeleton (D:5)
  2 gnolls (D:7)
  A shadow imp (D:5)
  An ufetubus (D:5)
  3 kobolds (D:7)
20 creatures vanquished.

Notes
Turn   | Place    | Note
-------+----------+-------------------------------------------
     0 | D:5      | willcat the Troll Delver began the quest for the Orb.
     0 | D:5      | Reached XP level 1. HP: 22/22 MP: 0/0
     0 | D:5      | Noticed a water moccasin zombie
    19 | D:5      | Killed a water moccasin zombie
    20 | D:5      | Reached XP level 2. HP: 11/29 MP: 1/1
    20 | D:5      | Reached XP level 3. HP: 14/36 MP: 2/2
    24 | D:5      | Reached XP level 4. HP: 23/44 MP: 3/3
    43 | D:5      | Noticed a phantom
    56 | D:5      | Killed a phantom
    57 | D:5      | Reached XP level 5. HP: 45/52 MP: 4/4
    83 | D:5      | Reached skill level 3 in Unarmed Combat
   126 | D:5      | Reached XP level 6. HP: 61/61 MP: 5/5
   142 | D:5      | You fall into a shaft and drop 2 floors!
   235 | D:7      | Reached skill level 4 in Unarmed Combat
   330 | D:7      | Noticed a wraith
   330 | D:7      | Noticed a wraith
   344 | D:7      | Killed a wraith
   345 | D:7      | Reached XP level 7. HP: 35/67 MP: 6/6
   352 | D:7      | Killed a wraith
   353 | D:7      | Reached skill level 5 in Unarmed Combat
   353 | D:7      | Noticed a skeletal warrior
   359 | D:7      | HP: 3/67 [skeletal warrior (9)]
   360 | D:7      | Blown up by a centaur

Illustrated notes

Levels and vault maps discovered:
D:5:      layout_cave_pods, nicolae_hepliaklqana_hazy_memory,
          minmay_temple_entry_proselytizer, nzn_random_ring
D:7:      layout_loops_ring, dk_noncrumbling_3, minmay_guarded_unrand_finisher,
          uniq_menkaure

Skill      XL: |  1  2  3  4  5  6  7 |
---------------+----------------------+-----
Stealth        | 3 4 |  4.2
Dodging        | 2 3 |  3.2
Fighting       | 3 |  3.6
Unarmed Combat | 3 4 5 |  5.1

Action                   |  1- 3 |  4- 6 |  7- 9 || total
-------------------------+-------+-------+-------++-------
Melee: Unarmed           |    18 |    98 |    10 ||   126
       Punch             |       |     2 |       ||     2
  Use: Scroll            |       |     2 |       ||     2
       Potion            |       |     2 |       ||     2
 Stab: Sleeping          |       |     2 |       ||     2
Armor: Robe              |     6 |    23 |     5 ||    34
Dodge: Dodged            |     6 |    56 |     8 ||    70

Table legend: (Time is in decaauts)
 A = Elapsed time spent in this place.
 B = Non-inter-level travel time spent in this place.
 C = Inter-level travel time spent in this place.
 D = Time resting spent in this place.
 E = Time spent auto-exploring this place.
 F = Levels seen in this place.
 G = Mean time per level.
                   A        B        C        D        E       F      G
               +--------+--------+--------+--------+--------+-----+--------+
         Total |    345 |    345 |      0 |      0 |     53 |   2 |  172.5 |
       Dungeon |    345 |    345 |      0 |      0 |     53 |   2 |  172.5 |
               +--------+--------+--------+--------+--------+-----+--------+

Top non-repeatable levels by time:
     D:7: 205 daAuts
     D:5: 139 daAuts
